 Dungeon Crawl Stone Soup version 0.25-a0-502-g6516661 (webtiles) character file.

Game seed: 16037347061692746139, levelgen mode: deterministic

6 Charmandara the Firebug (level 2, 0/19 HPs)
             Began as a Human Fire Elementalist on Feb 12, 2020.
             Slain by a jackal (3 damage)
             ... on level 1 of the Dungeon.
             The game lasted 00:01:38 (127 turns).

Charmandara the Firebug (Human Fire Elementalist)    Turns: 127, Time: 00:01:38

Health: 0/19       AC:  2    Str:  8    XL:     2   Next: 0%
Magic:  1/5        EV: 12    Int: 15    God:
Gold:   36         SH:  0    Dex: 13    Spells: 4/5 levels left

rFire    . . .     SeeInvis .   d - +0 dagger
rCold    . . .     Gourm    .   (no shield)
rNeg     . . .     Faith    .   a - +0 robe
rPois    .         Spirit   .   (no helmet)
rElec    .         Reflect  .   (no cloak)
rCorr    .         Harm     .   (no gloves)
MR       .....                  (no boots)
Stlth    ++........             (no amulet)
HPRegen  0.06/turn              (no ring)
MPRegen  0.09/turn              (no ring)

@: no status effects
A: no striking features
a: no special abilities


You were on level 1 of the Dungeon.
You were not hungry.

You visited 1 branch of the dungeon, and saw 1 of its levels.

You collected 36 gold pieces.

Inventory:

Hand Weapons
 d - a +0 dagger (weapon)
   (You took it off a kobold on level 1 of the Dungeon)
Missiles
 g - 19 stones (quivered)
Armour
 a - a +0 robe (worn)
Scrolls
 b - 3 scrolls of identify {unknown}
 e - a scroll of teleportation {unknown}
 f - a scroll of amnesia {unknown}
Potions
 h - a potion of curing {unknown}
Comestibles
 c - 3 rations


   Skills:
 - Level 2.0 Dodging
 - Level 2.0 Stealth
 - Level 2.0 Spellcasting
 * Level 1.6 Conjurations
 + Level 3.1 Fire Magic


You had 4 spell levels left.
You knew the following spells:

 Your Spells              Type           Power        Failure   Level  Hunger
a - Foxfire               Conj/Fire      #...         9%          1    #......

Your spell library contained the following spells:

 Spells                   Type           Power        Failure   Level  Hunger
 Conjure Flame            Conj/Fire      #.......     26%         3    ###....
 Inner Flame              Hex/Fire       #.......     34%         3    ###....
 Sticky Flame             Conj/Fire      #.......     63%         4    #####..
 Fireball                 Conj/Fire      #.........   93%         5    ######.


Dungeon Overview and Level Annotations

Branches:
Dungeon (1/15)

Altars:


Message History

MP restored: 3
Found a stone staircase leading down.
e - a scroll labeled HISOEWUME A rat comes into view.
You see here 17 gold pieces.
You miscast Foxfire.
You are very lightly contaminated with residual magic.
Nothing appears to happen.
You now have 2/3 mp.
Unknown command.
You conjure some foxfire!
You now have 1/3 mp.
You now have 17 gold pieces.
The foxfire hits the rat.
You kill the rat!
c - 3 rations (gained 1)
There are no items here.
A rat comes into view.
A rat is nearby!
You conjure some foxfire!
You now have 0/3 mp.
The foxfire hits the rat. x2
You kill the rat!
b - 2 scrolls labeled USMO PISEROR (gained 1)
f - a scroll labeled PIRIEN FUEH Your magical contamination has completely faded away.
g - 19 stones You now have 36 gold pieces (gained 19).
b - 3 scrolls labeled USMO PISEROR (gained 1)
h - a cyan potion MP restored: 3
Okay, then. 2 jackals come into view.
There are monsters nearby!
You conjure some foxfire!
You now have 2/3 mp.
The foxfire hits the jackal.
The jackal barks!
The foxfire hits the jackal but does no damage.
A jackal comes into view.
A kobold comes into view. It is wielding a +0 dagger.
The jackal barks!
You conjure some foxfire!
The jackal bites you but does no damage.
You now have 1/3 mp.
Unknown command.
The foxfire hits the jackal.
You kill the jackal!
The foxfire hits the jackal.
You hit the jackal. The jackal misses you. The jackal barely misses you.
You hit the jackal but do no damage.
Nothing appears to happen.
The jackal bites you. x2
You take 5 damage, and have 8/13 hp.
MASSIVE DAMAGE!!
You now have 0/3 mp.
You hit the jackal.
The jackal bites you but does no damage.
The jackal bites you. The jackal closely misses you.
You take 1 damage, and have 7/13 hp.
You closely miss the jackal. The jackal closely misses you. x2
The jackal bites you.
You take 1 damage, and have 6/13 hp.
You hit the jackal.
You kill the jackal!
You have reached level 2!
The jackal bites you but does no damage.
You regained 3 hp, and now have 9/19 hp.
The jackal bites you.
You see here a jackal corpse.
You take 2 damage, and have 7/19 hp.
The jackal bites you.
You take 1 damage, and have 6/19 hp.
The jackal barely misses you.
You conjure some foxfire!
The jackal bites you but does no damage.
You now have 0/5 mp.
You closely miss the jackal.
The foxfire hits the jackal but does no damage.
The jackal bites you but does no damage.
The jackal closely misses you.
The kobold throws a stone.
The stone barely misses you.
The foxfire hits the jackal but does no damage.
The jackal bites you.
* * * LOW HITPOINT WARNING * * *
You take 1 damage, and have 5/19 hp.
The kobold throws a stone.
The stone misses you. The jackal barely misses you.
You see here a stone.
Okay, then.
You miss the jackal. The jackal barely misses you. The jackal bites you.
* * * LOW HITPOINT WARNING * * *
You take 1 damage, and have 5/19 hp.
You closely miss the jackal. The jackal bites you.
* * * LOW HITPOINT WARNING * * *
You take 1 damage, and have 4/19 hp.
You closely miss the jackal. The jackal closely misses you.
The jackal bites you.
* * * LOW HITPOINT WARNING * * *
You take 1 damage, and have 3/19 hp.
You closely miss the jackal. The jackal bites you.
You die...

#.#
#.####......#
#.##
#......ยง...<#
#..##
#####......>#
##..#
##......# ##.#
######## #.#
#.# #.# #@#
#h# #K####
#....# #....#
#....#######.
##...(.......
#...######..
#...##


You could see a jackal and a kobold.

Vanquished Creatures
  A goblin (D:1)
  2 jackals (D:1)
  A kobold (D:1)
  2 rats (D:1)
6 creatures vanquished.

Vanquished Creatures (others)
  14 foxfires (D:1)
14 creatures vanquished.

Grand Total: 20 creatures vanquished

Notes
Turn   | Place    | Note
-------+----------+-------------------------------------------
     0 | D:1      | Charmandara the Human Fire Elementalist began the quest for
                  | the Orb.
     0 | D:1      | Reached XP level 1. HP: 13/13 MP: 3/3
   110 | D:1      | Reached XP level 2. HP: 9/19 MP: 0/5
   125 | D:1      | HP: 4/19 [jackal (1)]
   127 | D:1      | Slain by a jackal

Levels and vault maps discovered:
D:1:      dpeg_arrival_fog, layout_rooms

Action                   || total
-------------------------++-------
Melee: Dagger            ||    10
 Cast: Foxfire           ||     8
Armor: Robe              ||     5
Dodge: Dodged            ||    12

Table legend:
 A = Non-vault XP
 B = Vault XP
 C = Vault XP percentage of total XP
 D = Non-vault monster count
 E = Vault monster count
 F = Vault count percentage of total count
                 A         B        C        D         E       F
            +---------+---------+-------+---------+---------+-------
      Total |       9 |       0 |   0.0 |       6 |       0 |   0.0
            +---------+---------+-------+---------+---------+-------
        D:1 |       9 |       0 |   0.0 |       6 |       0 |   0.0
            +---------+---------+-------+---------+---------+-------

Levels and vault maps discovered:
D:1:      dpeg_arrival_fog, layout_rooms

Table legend:
 A = Turns spent in this place as a percentage of turns spent in the entire game.
 B = Non-inter-level travel turns spent in this place as a percentage of non-inter-level travel turns spent in the entire game.
 C = Inter-level travel turns spent in this place as a percentage of turns spent in this place.
 D = Turns resting spent in this place as a percentage of non-inter-level travel turns spent in this place.
 E = Turns spent auto-exploring this place as a percentage of non-inter-level travel turns spent in this place.
 F = Non-inter-level travel turns spent in this place divided by the number of levels of this place that you've seen.
                   A       B       C       D       E      F
               +-------+-------+-------+-------+-------+----------------------
         Total | 100.0 | 100.0 |   0.0 |   7.9 |  44.9 | 127.0
       Dungeon | 100.0 | 100.0 |   0.0 |   7.9 |  44.9 | 127.0
               +-------+-------+-------+-------+-------+----------------------

Table legend:
 A = Kills in this place as a percentage of kills in entire the game.
 B = Kills by you in this place as a percentage of kills by you in the entire game.
 C = Kills by friends in this place as a percentage of kills by friends in the entire game.
 D = Other kills in this place as a percentage of other kills in the entire game.
 E = Experience gained in this place as a percentage of experience gained in the entire game.
 F = Experience gained in this place divided by the number of levels of this place that you have seen.
                   A       B       C       D       E      F
               +-------+-------+-------+-------+-------+----------------------
         Total | 100.0 | 100.0 |   N/A |   N/A | 100.0 |   9.0
       Dungeon | 100.0 | 100.0 |   N/A |   N/A | 100.0 |   9.0
               +-------+-------+-------+-------+-------+----------------------
